 Dungeon Crawl Stone Soup version 0.21.1-1-g345015f (webtiles) character file.

328 inc the Shield-Bearer (level 6, -4/47 HPs)
             Began as a Formicid Fighter on June 9, 2018.
             Killed by divine providence
             ... invoked by an orc priest
              (9 damage)
             ... on level 5 of the Dungeon.
             The game lasted 00:04:21 (3898 turns).

inc the Shield-Bearer (Formicid Fighter)            Turns: 3898, Time: 00:04:21

Health: -4/47      AC:  6    Str: 23    XL:     6   Next: 80%
Magic:  6/6        EV:  9    Int:  7    God:
Gold:   204        SH: 10    Dex: 10    Spells: 5/5 levels left

rFire    . . .     SeeInvis +   a - +0 war axe
rCold    . . .     Gourm    .   c - +0 shield
rNeg     . . .     Faith    .   b - +0 scale mail
rPois    .         Spirit   .   (helmet unavailable)
rElec    .         Reflect  .   (no cloak)
rCorr    .         Harm     .   (no gloves)
MR       .....                  (no boots)
Stlth    ..........             (no amulet)
HPRegen  0.15/turn              (no ring)
MPRegen  0.10/turn              (no ring)

@: lethally poisoned (-4 -> -32)
A: permanent stasis, dig shafts and tunnels, four strong arms, antennae 3
a: Dig, Shaft Self


You were on level 5 of the Dungeon.
You were hungry.

You visited 1 branch of the dungeon, and saw 5 of its levels.

You collected 204 gold pieces.

Inventory:

Hand Weapons
 a - a +0 war axe (weapon)
Armour
 b - a +0 scale mail (worn)
 c - a +0 shield (worn)
 k - a +1 leather armour of poison resistance
Wands
 m - a wand of disintegration (13)
 t - a wand of random effects (19)
Scrolls
 e - a scroll of enchant armour {unknown}
 g - a scroll of fear {unknown}
 i - 2 scrolls of teleportation {unknown}
 l - 2 scrolls of identify {unknown}
 n - 3 scrolls of amnesia
 q - a scroll of blinking {unknown}
 s - a scroll of remove curse {unknown}
Potions
 d - 2 potions of curing {unknown}
 h - 2 potions of resistance {unknown}
 j - a potion of ambrosia {unknown}
 p - a potion of agility {unknown}
 r - a potion of flight {unknown}
Books
 o - a book of Changes

   Spells                             Type                      Level
   a - Beastly Appendage              Transmutation                1
   b - Sticks to Snakes               Transmutation                2
   c - Spider Form                    Transmutation/Poison         3
   d - Ice Form                       Ice/Transmutation            4
   e - Blade Hands                    Transmutation                5
Comestibles
 f - 8 rations


   Skills:
 - Level 3.2 Fighting
 + Level 4.9 Axes
 - Level 3.2 Armour
 + Level 6.5 Shields


You had 5 spell levels left.
You didn't know any spells.

Dungeon Overview and Level Annotations

Branches:
Dungeon (5/15)
 Temple: D:4-7

Altars:
Hepliaklqana
Nemelex Xobeh
Okawaru
Vehumet

Annotations:
D:4 1 runed door


Innate Abilities, Weirdness & Mutations

You cannot be hasted, slowed, berserked, paralysed or teleported.
You can dig through walls and to a lower floor.
Your four strong arms can wield two-handed weapons with a shield.
You have a pair of large antennae on your head. (SInv)


Message History

You hit the orc warrior but do no damage.
You feel sick.
The orc hits you with a dagger of venom.
* * * LOW HITPOINT WARNING * * *
You are lethally poisoned!
The orc priest calls down the wrath of Beogh upon you.
You struggle to resist.
The orc warrior hits you with a mace.
* * * LOW HITPOINT WARNING * * *
You hit the orc priest.
The orc priest is severely wounded.
You closely miss the orc.
You hit the orc warrior but do no damage.
* * * LOW HITPOINT WARNING * * *
You feel very sick.
The orc hits you with a dagger of venom.
* * * LOW HITPOINT WARNING * * *
You are more poisoned.
The orc priest invokes the aid of Beogh against you.
Beogh smites you!
You die...

#.....# {....o
#.....# ####{....
#.....# #........
#.....# #........
#.....# #.......<
#.....###.......
#......##...#...
#..<...##.#.....
#......@oo.......
#......oo.....#..
#..(....#...#.....
#.................
#########..##.....
.... ..... { .##..
.... # #.# ..


You could see an orc warrior, an orc priest and 2 orcs.

Vanquished Creatures
  Sigmund (D:2)
  An orc priest (D:2)
  5 adders
  An adder skeleton (D:4)
  2 worms
  A dart slug (D:1)
  A leopard gecko (D:2)
  5 orcs
  11 bats
  7 giant cockroaches
  8 goblins
  7 hobgoblins
  8 jackals
  2 quokkas
  5 frilled lizards (D:2)
  7 kobolds
  A leopard gecko skeleton (D:4)
  5 rats
78 creatures vanquished.

Notes
Turn   | Place    | Note
-------+----------+-------------------------------------------
     0 | D:1      | inc the Formicid Fighter began the quest for the Orb.
     0 | D:1      | Reached XP level 1. HP: 18/18 MP: 1/1
   488 | D:1      | Reached XP level 2. HP: 24/24 MP: 2/2
   508 | D:1      | Reached skill level 4 in Shields
   976 | D:1      | Reached XP level 3. HP: 27/29 MP: 3/3
  1322 | D:2      | Reached XP level 4. HP: 14/35 MP: 4/4
  1355 | D:2      | Found an iron altar of Okawaru.
  1422 | D:2      | Reached skill level 5 in Shields
  1528 | D:2      | Noticed Sigmund
  1547 | D:2      | Killed Sigmund
  1547 | D:2      | Reached skill level 6 in Shields
  1547 | D:2      | Reached XP level 5. HP: 15/41 MP: 5/5
  1547 | D:2      | Reached XP level 6. HP: 17/47 MP: 6/6
  2269 | D:3      | Found a radiant altar of Vehumet.
  2282 | D:3      | Found a hazy altar of Hepliaklqana.
  3121 | D:4      | Found a sparkling altar of Nemelex Xobeh.
  3286 | D:4      | Found a runed door.
  3873 | D:5      | Entered Level 5 of the Dungeon
  3884 | D:5      | Noticed an orc warrior
  3898 | D:5      | Killed from afar by an orc priest

Skill      XL: |  1  2  3  4 |
---------------+-------------+-----
Shields        | 4 6 |  6.5
Axes           | 3 4 |  4.9
Fighting       | |  3.2
Armour         | |  3.2

Action                   |  1- 3 |  4- 6 || total
-------------------------+-------+-------++-------
Melee: War axe           |   101 |   194 ||   295
  Use: Potion            |       |     2 ||     2
       Scroll            |       |     1 ||     1
  Eat: Chunk             |     1 |     8 ||     9
Armor: Scale mail        |    47 |    75 ||   122
       Skin              |       |    10 ||    10
Dodge: Dodged            |    45 |    79 ||   124
Block: Shield            |    65 |   134 ||   199
